 Dungeon Crawl Stone Soup version 0.29-a0-857-g9b1aa3ac5b (webtiles) character file.

Game seed: 10944201916179141047

484 jimonade the Shield-Bearer (level 7, -4/55 HPs)
             Began as a Formicid Fighter on July 16, 2022.
             Slain by an ogre
             ... wielding a +0 giant club
              (20 damage)
             ... on level 4 of the Dungeon.
             The game lasted 00:06:13 (2891 turns).

jimonade the Shield-Bearer (Formicid Fighter)       Turns: 2891, Time: 00:06:13

Health: -4/55      AC: 15    Str: 21    XL:     7   Next: 35%
Magic:  11/11      EV:  6    Int:  7    God:
Gold:   144        SH:  5    Dex: 15    Spells: 11/11 levels left

rFire   . . .      SeeInvis +   a - +0 long sword
rCold   + . .      Faith    .   c - +0 buckler
rNeg    . . .      Spirit   .   B - +0 plate armour
rPois   .          Reflect  .   (helmet unavailable)
rElec   .          Harm     .   (no cloak)
rCorr   .          Rampage  .   i - +2 pair of gloves
Will    .....                   (no boots)
Stlth   ..........              (no amulet)
HPRegen 0.18/turn               q - ring of protection from cold
MPRegen 0.12/turn               (no ring)

@: no status effects
A: permanent stasis, dig shafts and tunnels, antennae 3, four strong arms
a: Dig, Shaft Self


You were on level 4 of the Dungeon.
You visited 1 branch of the dungeon, and saw 4 of its levels.

You collected 144 gold pieces.

Inventory:

Hand Weapons
 a - a +0 long sword (weapon)
Missiles
 f - 4 poisoned darts
 n - 6 silver javelins
Armour
 b - a +0 scale mail
 c - a +0 buckler (worn)
 i - a +2 pair of gloves (worn)
 l - a +0 leather armour
 u - a +0 robe
 w - a +0 ring mail
 B - a +0 plate armour (worn)
Magical Staves
 C - a staff of air
Jewellery
 q - a ring of protection from cold (left hand)
Wands
 A - a wand of iceblast (8)
Scrolls
 g - a scroll of enchant armour {unknown}
 j - 3 scrolls of teleportation {unknown}
 m - a scroll of vulnerability {unknown}
 o - 2 scrolls of fog {unknown}
 p - a scroll of noise {unknown}
 s - 4 scrolls of identify {unknown}
 y - a scroll of fear {unknown}
Potions
 d - a potion of might
 e - 2 potions of flight {unknown}
 h - a potion of brilliance
 k - 2 potions of attraction {unknown}
 r - 5 potions of curing {unknown}
 t - a potion of cancellation {unknown}
 v - 3 potions of lignification {unknown}
 x - a potion of berserk rage {unknown}
 z - a potion of degeneration {unknown}


   Skills:
 * Level 4.6 Fighting
 + Level 4.7 Long Blades
 + Level 4.6 Armour
 + Level 4.9 Shields
 * Level 2.9 Spellcasting


You had 11 spell levels left.
You didn't know any spells.
Your spell library was empty.

Dungeon Overview and Level Annotations

Branches:
Dungeon (4/15)
 Temple: D:4-7

Altars:
Gozag
Nemelex Xobeh


Innate Abilities, Weirdness & Mutations

You cannot be hasted, slowed, berserked, paralysed or teleported.
You can dig through walls and to a lower floor.
You have a pair of large antennae on your head. (SInv)
Your four strong arms can wield two-handed weapons with a shield.


Message History

Ijyb hits you with a +0 dagger.
Ijyb zaps a wand.
Your stasis prevents you from being paralysed.
You slash Ijyb!
Ijyb is moderately wounded.
Ijyb zaps a wand.
You easily resist.
You hit Ijyb but do no damage.
Ijyb is moderately wounded.
Ijyb zaps a wand.
Your stasis prevents you from being paralysed.
You hit Ijyb.
Ijyb is heavily wounded.
Ijyb hits you with a +0 dagger.
You barely miss Ijyb.
Ijyb is heavily wounded.
Ijyb hits you but does no damage.
You slash Ijyb!
Ijyb is almost dead.
Ijyb hits you but does no damage.
You hit Ijyb but do no damage.
Ijyb is almost dead.
Ijyb hits you but does no damage. You block Ijyb's attack.
You slash Ijyb!
You kill Ijyb!
The ball python bites you but does no damage.
The ball python closely misses you.
You hit the ball python.
You kill the ball python!
You hit the ogre.
The ogre is lightly wounded.
The ogre hits you with a +0 giant club!
You slash the ogre!
The ogre is heavily wounded.
The ogre hits you with a +0 giant club!!
* * * LOW HITPOINT WARNING * * *
You completely miss the ogre.
The ogre is heavily wounded.
You hit the ogre.
The ogre is heavily wounded.
The ogre hits you with a +0 giant club!!
You die...

........### ...
.........###...# ##..
....... #....<# ..O
... .## #.....## #..
... ..# #....... #..
### #.# #.....## #..
### #.# #.....#
#..#######.###.....##
#..O@._..'...........
#.$###.###...>.....#.
#.. #.# #...#.....#.
#..###+###...#..(....
#.!..........#######.
#...#####...## #. ###
##### #. #. #.


You could see an ogre.

Vanquished Creatures
  An ice beast (D:3)
  2 scorpions (D:4)
  A hound (D:4)
  A jelly (D:4)
  Jessica (D:2)
  An iguana (D:4)
  Ijyb (D:4)
  Natasha (D:2)
  Robin (D:3)
  3 adders
  A dart slug (D:4)
  An orc (D:4)
  6 ball pythons
  6 endoplasms
  5 giant cockroaches
  9 goblins
  6 hobgoblins
  4 jackals (D:2)
  2 quokkas
  2 bats
  4 frilled lizards
  8 kobolds
  3 rats (D:1)
70 creatures vanquished.

Notes
Turn   | Place    | Note
-------+----------+-------------------------------------------
     0 | D:1      | jimonade the Formicid Fighter began the quest for the Orb.
     0 | D:1      | Reached XP level 1. HP: 18/18 MP: 1/1
   440 | D:1      | Reached XP level 2. HP: 24/24 MP: 2/2
   724 | D:1      | Found a faded altar of an unknown god.
   820 | D:1      | Reached XP level 3. HP: 19/30 MP: 2/4
  1070 | D:2      | Reached skill level 1 in Spellcasting
  1112 | D:2      | Noticed Jessica
  1119 | D:2      | Killed Jessica
  1120 | D:2      | Reached XP level 4. HP: 31/37 MP: 5/5
  1414 | D:2      | Noticed Natasha
  1430 | D:2      | Killed Natasha
  1530 | D:3      | Found an opulent altar of Gozag.
  1621 | D:3      | Reached XP level 5. HP: 41/42 MP: 7/7
  1840 | D:3      | Noticed an ice beast
  1867 | D:3      | Killed an ice beast
  1868 | D:3      | Reached XP level 6. HP: 19/48 MP: 7/9
  2104 | D:3      | Noticed Robin
  2122 | D:3      | Killed Robin
  2699 | D:4      | Reached XP level 7. HP: 54/55 MP: 10/10
  2865 | D:4      | Found a sparkling altar of Nemelex Xobeh.
  2868 | D:4      | Noticed Ijyb
  2886 | D:4      | Killed Ijyb
  2891 | D:4      | Slain by an ogre

Illustrated notes

Levels and vault maps discovered:
D:1:      saegor_arrival_simple_e, layout_basic,
          ebering_ecumenical_altar_abandoned
D:2:      layout_rooms, minmay_tripent, uniq_natasha, uniq_jessica
D:3:      layout_loops_ring, nicolae_gozag_seed_capital, minmay_misc_feat_chi,
          uniq_robin
D:4:      layout_rooms, lemuel_doored_altar, uniq_ijyb

Skill      XL: |  1  2  3  4  5  6 |
---------------+-------------------+-----
Spellcasting   | 1 2 |  2.9
Armour         | 4 |  4.6
Fighting       | 4 |  4.6
Long Blades    | 3 4 |  4.7
Shields        | |  4.9

Action                   |  1- 3 |  4- 6 |  7- 9 || total
-------------------------+-------+-------+-------++-------
Melee: Long sword        |    85 |   128 |    44 ||   257
Armor: Scale mail        |    61 |    86 |    10 ||   157
       Plate armour      |       |       |     6 ||     6
Dodge: Dodged            |    58 |    59 |    18 ||   135
Block: Buckler           |    38 |    37 |     4 ||    79

Table legend: (Time is in decaauts)
 A = Elapsed time spent in this place.
 B = Non-inter-level travel time spent in this place.
 C = Inter-level travel time spent in this place.
 D = Time resting spent in this place.
 E = Time spent auto-exploring this place.
 F = Levels seen in this place.
 G = Mean time per level.
                   A        B        C        D        E       F      G
               +--------+--------+--------+--------+--------+-----+--------+
         Total |   2961 |   2854 |    107 |    306 |   1762 |   4 |  740.2 |
       Dungeon |   2961 |   2854 |    107 |    306 |   1762 |   4 |  740.2 |
               +--------+--------+--------+--------+--------+-----+--------+

Top non-repeatable levels by time:
     D:3: 1116 daAuts
     D:1: 1058 daAuts
     D:2: 507 daAuts
     D:4: 278 daAuts
